Description

Sky toss

Build Order

Get SALT Encoding   

  13  0:18  Pylon  
  16  0:37  Gateway  
  16  0:47  Assimilator  
  19  1:23  Nexus  
  20  1:36  Cybernetics Core  
  21  1:44  Assimilator  
  21  1:50  Pylon  
  22  2:13  Adept  заказ адепта + буст в рабов и буст в адепта
  23  2:20  Stargate  
  24  2:33  Adept  
Spawning Tool Build Advisor. Get it on Overwolf

Go to:

Details

  • Created by: Vanger
  • Published on: Aug 18, 2024
  • Modified on: Aug 18, 2024
  • Patch: 5.0.11
  • Difficulty: Medium
Show
View Real Time Build Order
Export as new Build Order

Comments (0)

There are no comments. Be the first!

Create an account to comment!